 Dungeon Crawl Stone Soup version 0.31-a0-920-g28cbb04a8c (webtiles) character file.

Game seed: 13459883613021406405

273 Shayle the Changeling (level 6, -21/47 HPs)
             Began as a Human Shapeshifter on Oct 18, 2023.
             Demolished by an ogre
             ... wielding a +0 giant club
              (28 damage)
             ... on level 4 of the Dungeon.
             The game lasted 00:05:41 (3131 turns).

Shayle the Changeling (Human Shapeshifter)          Turns: 3131, Time: 00:05:41

Health: -21/47     AC:  5    Str: 14    XL:     6   Next: 48%
Magic:  6/6        EV: 11    Int: 13    God:
Gold:   236        SH:  0    Dex: 12    Spells: 5/5 levels left

rFire   . . .        k - +2 whip (elec)
rCold   . . .        w - orb {*Rage}
rNeg    . . .        p - +0 ring mail
rPois   .            (helmet currently unavailable)
rElec   .            (cloak currently unavailable)
rCorr   .            (gloves currently unavailable)
SInv    .            (boots currently unavailable)
Will    .....        (no amulet)
Stlth   +            (no ring)
HPRegen 0.27/turn    (no ring)
MPRegen 0.10/turn

%: random rage (20%)
@: beast-form, on berserk cooldown, slowed, very slow
A: beast (slay +3)
a: Begin Untransformation


You were on level 4 of the Dungeon.
You were a hulking beast.
You visited 1 branch of the dungeon, and saw 4 of its levels.

You collected 236 gold pieces.

Inventory:

Hand Weapons
 k - a +2 whip of electrocution (weapon)
Armour
 a - a +0 animal skin
 e - a +0 pair of gloves
 l - a +2 helmet
 p - a +0 ring mail (worn)
 q - a +0 pair of boots
 w - an orb of wrath (worn)
Jewellery
 h - an amulet of regeneration
Talismans
 c - a beast talisman (active)
 d - a flux talisman
Wands
 t - a wand of flame (22)
 y - a wand of charming (4)
Scrolls
 i - a scroll of noise
 j - 2 scrolls of fog {unknown}
 m - a scroll of fear
 o - a scroll of poison {unknown}
 r - a scroll of revelation {unknown}
 s - a scroll of amnesia {unknown}
 u - 2 scrolls of identify {unknown}
 x - a scroll of torment {unknown}
Potions
 b - a potion of curing
 f - a potion of heal wounds {unknown}
 g - a potion of degeneration {unknown}
 n - a potion of brilliance {unknown}
 v - a potion of haste {unknown}
 z - a potion of mutation {unknown}


   Skills:
 + Level 3.4 Fighting
 - Level 2.0 Dodging
 - Level 3.0 Unarmed Combat
 * Level 5.4 Shapeshifting


You had 5 spell levels left.
You didn't know any spells.
Your spell library was empty.

Dungeon Overview and Level Annotations

Branches:
Dungeon (4/15)
 Temple: D:4-7

Altars:
Wu Jian

Shops:
D:3 *


Message History

You feel a strong urge to attack something.
Calm down first, please.
A ball python comes into view.
You feel your anger nearly subside.
You are no longer berserk.
You are exhausted.
You feel yourself slow down.
You whack the ball python!
You kill the ball python!
You see here a ball python corpse.
Found a stone staircase leading down.
An iguana comes into view.
The iguana hisses angrily.
You hear a shout!
The iguana moves out of view.
An iguana is nearby!
An ogre comes into view. It is wielding a +0 giant club.
The ogre shouts!
The iguana completely misses you.
You barely miss the iguana. The iguana barely misses you.
The iguana bites you but does no damage.
You hit the iguana. Lightning courses through the iguana!
The iguana is almost dead.
The iguana bites you. x2
You whack the iguana!
You kill the iguana!
The ogre hits you with a +0 giant club!
You hit the ogre. Lightning courses through the ogre!
The ogre is heavily wounded.
The ogre barely misses you.
You hit the ogre.
The ogre is severely wounded.
The ogre hits you with a +0 giant club.
You barely miss the ogre.
The ogre is severely wounded.
The ogre closely misses you. The ogre hits you with a +0 giant club!
* * * LOW HITPOINT WARNING * * *
You barely miss the ogre.
The ogre is severely wounded.
The ogre hits you with a +0 giant club!!
Ouch! That really hurt!
You die...

.# .# ## #.# ..
#.# .##.# # .?.#
#. # #.O# #. #
#h># ####.##
#.#####..#####..
......
#$..............
......
#.#####.#######.#
###.#. #.# #.#
#..... #.# #.#
#..... #.# #.#
#.#.#.
#######.#### #.#
#.....
........†..# #.#
#.#.#.


You could see an ogre.

Vanquished Creatures
  2 orc priests (D:3)
  2 iguanas (D:4)
  Terence (D:2)
  Robin (D:2)
  5 adders (D:2)
  5 orcs
  8 endoplasms
  4 giant cockroaches
  12 goblins
  7 hobgoblins
  3 jackals (D:4)
  7 kobolds
  3 quokkas
  7 ball pythons
  3 bats
  2 frilled lizards
  4 rats
76 creatures vanquished.

Notes
Turn   | Place    | Note
-------+----------+-------------------------------------------
     0 | D:1      | Shayle the Human Shapeshifter began the quest for the Orb.
     0 | D:1      | Reached XP level 1. HP: 15/15 MP: 1/1
   162 | D:1      | Reached XP level 2. HP: 21/21 MP: 2/2
   608 | D:1      | Reached XP level 3. HP: 27/27 MP: 3/3
   928 | D:2      | Found a faded altar of an unknown god.
   972 | D:2      | Reached skill level 4 in Shapeshifting
   972 | D:2      | Reached XP level 4. HP: 24/33 MP: 4/4
  1315 | D:2      | Noticed Robin
  1343 | D:2      | Killed Robin
  1387 | D:2      | Noticed Terence
  1572 | D:2      | Reached XP level 5. HP: 37/39 MP: 5/5
  1649 | D:2      | Killed Terence
  2307 | D:3      | Reached skill level 5 in Shapeshifting
  2307 | D:3      | Reached XP level 6. HP: 35/47 MP: 6/6
  2532 | D:3      | Found Qymijuaf's General Store.
  2671 | D:3      | Found an ornate altar of the Wu Jian Council.
  3124 | D:4      | Noticed an ogre
  3131 | D:4      | Demolished by an ogre

Illustrated notes

Levels and vault maps discovered:
D:1:      mainiacjoe_arrival_reflecting_pool, layout_loops_cross,
          nicolae_twisty_statue_hallways
D:2:      layout_basic, nicolae_ecumenical_snake_handling, roderic_lattice_a,
          chequers_garden, minmay_pentomino_r2, uniq_robin, uniq_terence
D:3:      layout_loops_cross, mainiacjoe_overflow_catwalk, serial_shops,
          nicolae_shop_tiny_waterfront
D:4:      layout_loops_ring, serial_glass, glass_columns_b, glass_columns_c,
          serial_shops, shop

Skill      XL: |  1  2  3  4  5 |
---------------+----------------+-----
Fighting       | 2 3 |  3.4
Shapeshifting  | 4 5 |  5.4
Dodging        | |  2.0
Unarmed Combat | |  3.0

Action                     |  1- 3 |  4- 6 || total
---------------------------+-------+-------++-------
  Melee: Unarmed           |    38 |       ||    38
         Whip              |    37 |   124 ||   161
         Punch             |       |     2 ||     2
    Use: Potion            |     3 |       ||     3
         Scroll            |       |     2 ||     2
   Stab: Sleeping          |     1 |       ||     1
 Armour: Animal skin       |    28 |    22 ||    50
         Skin              |    23 |       ||    23
         Ring mail         |       |    42 ||    42
  Dodge: Dodged            |    34 |    69 ||   103

Table legend: (Time is in decaauts)
 A = Elapsed time spent in this place.
 B = Non-inter-level travel time spent in this place.
 C = Inter-level travel time spent in this place.
 D = Time resting spent in this place.
 E = Time spent auto-exploring this place.
 F = Levels seen in this place.
 G = Mean time per level.
                   A        B        C        D        E       F      G
               +--------+--------+--------+--------+--------+-----+--------+
         Total |   3179 |   3094 |     85 |     94 |   2246 |   4 |  794.8 |
       Dungeon |   3179 |   3094 |     85 |     94 |   2246 |   4 |  794.8 |
               +--------+--------+--------+--------+--------+-----+--------+

Top non-repeatable levels by time:
     D:2: 1202 daAuts
     D:1: 917 daAuts
     D:3: 699 daAuts
     D:4: 359 daAuts
